Map: Frejs first map 01

Players

Player 4

  • Race: Zerg Zerg
  • Spawn Location: 0:00

Player 3

  • Race: Zerg Zerg
  • Spawn Location: 6:00

NamroodTuo - Winner!

  • Race: Terran Terran
  • Spawn Location: 3:00

wasp - Winner!

  • Race: Protoss Protoss
  • Spawn Location: 9:00

VOD

Have the link to the VOD?

Description

Time

  • Played on: June 6, 2023, 8:02 a.m.
  • Length: 19:15
Show
View Real Time Build Order
Export as new Build Order

Player 4 Zerg 

Build Orders: 1 Base Baneling Bust, Pool Only 

Get SALT Encoding   

  12  0:01  Drone  
  13  0:25  Overlord  
  13  0:29  Drone  
  14  0:43  Drone  
  14  0:46  Drone  
  16  1:08  Spawning Pool  
  15  1:11  Drone  
  15  1:17  Drone  
  17  1:21  Extractor  
  16  1:26  Drone  
  17  1:36  Overlord  
  17  1:57  Queen  
  17  2:01  Zergling x2  
  20  2:11  Zergling x2  
  20  2:13  Drone  
  22  2:33  Roach Warren  
  22  2:36  Drone  
  22  2:42  Extractor  
  22  2:44  Drone  
  22  3:04  Overlord  
  22  3:15  Roach  
  24  3:25  Roach  
  26  3:36  Roach  
  28  3:47  Roach  
  28  3:48  Overlord  
  30  3:58  Roach  
  30  4:01  Drone  
  33  4:08  Roach, Drone  
  36  4:12  Drone  
  37  4:18  Drone  
  37  4:23  Drone  
  39  4:29  Drone  
  40  4:40  Overlord  
  40  4:52  Baneling Nest  
  40  4:56  Drone  
  40  5:08  Evolution Chamber  
  40  5:09  Drone  
  40  5:24  Lair  
  40  5:58  Drone  
  40  6:03  Drone  
  42  6:07  Drone  
  43  6:12  Drone  
  44  6:20  Overlord  
  44  6:26  Drone, Hydralisk Den  
  44  6:31  Drone  
  45  6:33  Drone  
  45  6:39  Drone  
  47  6:43  Drone  
  47  6:46  Drone  
  49  6:50  Drone  
  49  6:53  Drone  
  51  6:56  Hydralisk  
  51  6:57  Drone  
  54  7:04  Overlord  
  54  7:15  Drone  
  55  7:17  Hydralisk  
  55  7:18  Drone  
  55  7:20  Drone  
  59  7:27  Drone  
  60  7:34  Overseer  
  60  7:37  Overseer  
  60  7:38  Drone  
  61  7:49  Hydralisk, Overlord  
  61  7:50  Drone  
  64  7:56  Spore Crawler  
  63  7:58  Spore Crawler  
  63  8:00  Drone  
  63  8:07  Queen  
  63  8:11  Drone  
  66  8:22  Drone  
  66  8:24  Hydralisk, Drone  
  66  8:25  Spine Crawler  
  69  8:27  Drone  
  69  8:33  Overlord  
  70  8:34  Spine Crawler  
  69  8:44  Drone  
  70  8:56  Spire, Drone  
  70  8:58  Drone  
  70  9:02  Drone  
  72  9:06  Drone  
  73  9:28  Pneumatized Carapace, Overseer  
  73  9:29  Roach, Overlord  
  75  9:33  Zerg Melee Weapons Level 1  
  75  9:35  Roach  
  77  9:42  Roach  
  79  10:11  Burrow  
  79  10:15  Extractor  
  79  10:16  Drone  
  79  10:18  Overlord, Overseer  
  79  10:20  Overseer  
  79  10:29  Extractor  
  75  10:36  Hydralisk, Overlord  
  75  10:37  Drone  
  75  10:40  Drone  
  79  10:43  Drone  
  79  10:45  Drone  
  81  10:52  Drone  
  81  10:54  Overlord  
  81  10:55  Drone  
  83  10:58  Drone  
  83  11:01  Hydralisk  
  84  11:22  Roach  
  80  11:27  Zerg Ground Armor Level 1  
  80  11:28  Hydralisk  
  78  11:34  Hydralisk  
  78  11:42  Roach  
  78  11:47  Overlord, Overseer  
  74  11:49  Roach, Overseer  
  75  11:55  Roach  
  77  12:02  Roach  
  77  12:06  Overlord  
  81  12:08  Roach  
  81  12:16  Hydralisk  
  83  12:23  Zergling x2  
  84  13:16  Mutalisk  
  84  13:19  Overlord  
  86  13:21  Zerg Missile Weapons Level 1  
  86  13:22  Mutalisk  
  86  13:24  Overseer  
  88  13:29  Mutalisk  
  88  13:33  Overseer  
  90  13:37  Mutalisk  
  90  13:38  Overlord  
  83  13:43  Mutalisk  
  83  13:47  Overseer  
  83  13:48  Zerg Flyer Weapons Level 1  
  79  13:50  Mutalisk  
  81  13:56  Mutalisk  
  81  13:57  Overlord  
  81  13:58  Overseer  
  81  14:00  Roach  
  83  14:03  Mutalisk  
  83  14:09  Mutalisk  
  75  14:10  Overseer  
  75  14:12  Overseer  
  75  14:13  Overlord  
  77  14:24  Corruptor  
  77  14:31  Overlord, Mutalisk  
  77  14:37  Queen, Mutalisk  
  65  14:44  Mutalisk  
  65  14:50  Mutalisk  
  67  14:57  Mutalisk  
  69  15:03  Overlord  
  69  15:04  Mutalisk  
  69  15:10  Mutalisk  
  71  15:17  Mutalisk  
  73  15:22  Overlord  
  73  15:23  Mutalisk  
  75  15:30  Mutalisk  
  77  15:36  Mutalisk  
  77  15:41  Overlord  
  79  15:43  Corruptor  
  79  15:45  Zerg Flyer Armor Level 1  
  79  15:49  Corruptor  
  83  15:57  Hydralisk  
  85  16:05  Roach  
  87  17:03  Mutalisk  
  77  17:10  Mutalisk  
  67  17:17  Mutalisk  
  67  17:21  Overseer  
  63  17:25  Mutalisk  
  63  17:28  Overseer  
  65  17:33  Mutalisk  
  65  17:34  Overseer  
  65  17:35  Drone x5  
  65  17:40  Hydralisk  
  65  17:41  Overlord  
  60  17:48  Zergling x2  
  52  17:56  Roach, Drone  
  30  17:59  Drone  
  30  18:02  Hydralisk, Drone  
  30  18:03  Spore Crawler  
  30  18:05  Drone  
  14  18:08  Drone  
  14  18:11  Drone  
Show
View Real Time Build Order
Export as new Build Order

Player 3 Zerg 

Build Orders: 1 Base Baneling Bust, Pool Only 

Get SALT Encoding   

  12  0:00  Drone  
  13  0:25  Overlord  
  13  0:30  Drone  
  14  0:44  Drone  
  14  0:46  Drone  
  16  1:12  Spawning Pool  
  16  1:16  Drone  
  16  1:22  Drone  
  17  1:27  Extractor  
  17  1:31  Drone  
  17  1:45  Overlord  
  17  2:02  Queen  
  19  2:11  Zergling x2  
  20  2:21  Zergling x2  
  21  2:23  Drone  
  22  2:45  Roach Warren  
  22  2:50  Drone  
  22  2:54  Extractor  
  21  3:00  Drone  
  22  3:21  Overlord  
  22  3:28  Roach  
  24  3:38  Roach  
  26  3:48  Roach  
  28  3:58  Roach  
  30  4:08  Roach, Overlord  
  32  4:18  Roach  
  35  4:24  Drone  
  35  4:29  Drone  
  36  4:36  Drone  
  37  4:41  Drone  
  38  4:48  Drone  
  39  4:54  Drone  
  40  5:05  Overlord  
  40  5:21  Lair  
  40  5:58  Drone  
  40  6:03  Drone  
  42  6:09  Drone  
  43  6:13  Drone  
  44  6:24  Overlord  
  44  6:25  Hydralisk Den  
  43  6:28  Drone  
  43  6:32  Drone  
  45  6:38  Drone  
  46  6:41  Drone  
  46  6:46  Drone  
  48  6:51  Drone  
  48  6:53  Hydralisk  
  51  6:54  Drone  
  51  6:58  Drone  
  53  7:03  Drone  
  53  7:04  Hydralisk  
  56  7:12  Overlord  
  56  7:23  Hydralisk, Drone  
  56  7:26  Drone  
  60  7:34  Drone, Overseer  
  61  7:41  Overseer  
  61  7:44  Drone  
  62  7:52  Baneling Nest  
  62  7:55  Hydralisk, Overlord  
  62  7:56  Drone  
  64  7:59  Drone  
  65  8:07  Drone  
  66  8:18  Drone  
  66  8:19  Spore Crawler  
  66  8:23  Spore Crawler  
  66  8:27  Drone  
  66  8:30  Drone  
  66  8:33  Drone  
  68  8:35  Drone  
  68  8:39  Queen  
  68  8:40  Overlord  
  71  8:51  Drone  
  71  8:53  Spine Crawler  
  71  9:00  Spine Crawler  
  71  9:02  Drone  
  71  9:05  Drone  
  71  9:08  Drone  
  73  9:20  Pneumatized Carapace  
  73  9:21  Overseer  
  73  9:28  Overlord  
  73  10:04  Burrow  
  73  10:09  Overlord, Overseer  
  73  10:11  Overseer  
  73  10:13  Overseer  
  73  10:28  Overlord  
  73  10:31  Extractor  
  73  10:32  Drone  
  73  10:36  Overseer  
  71  10:45  Extractor  
  71  10:46  Roach, Overlord  
  71  10:47  Drone  
  73  10:53  Hydralisk  
  73  10:54  Drone  
  72  11:00  Hydralisk  
  72  11:04  Drone, Overlord  
  72  11:06  Hydralisk  
  72  11:08  Drone  
  72  11:11  Drone  
  77  11:14  Drone  
  78  11:25  Drone  
  79  11:34  Hydralisk  
  79  11:39  Hydralisk  
  79  11:45  Hydralisk  
  75  11:52  Zergling x2  
  70  11:58  Hydralisk  
  68  12:01  Overlord, Overseer  
  68  12:05  Roach, Overseer  
  68  12:12  Roach  
  70  12:18  Roach  
  70  12:20  Overlord  
  72  12:25  Roach  
  74  12:31  Roach  
  76  12:37  Hydralisk  
  78  12:55  Overlord  
  78  13:15  Overlord  
  78  13:16  Overseer  
  67  13:21  Roach  
  67  13:31  Overseer  
  67  13:34  Overlord  
  61  13:59  Overlord, Overseer  
  59  14:23  Overlord  
  59  14:28  Hydralisk  
  61  14:35  Hydralisk  
  61  14:37  Queen  
  63  14:40  Overseer  
  63  14:43  Overlord, Zergling x2  
  61  14:46  Drone  
  61  14:50  Roach  
  61  14:51  Drone  
  62  14:56  Hydralisk  
  64  15:02  Overlord  
  64  15:04  Zergling x2  
  65  15:12  Roach  
  67  15:18  Hydralisk  
  69  15:38  Queen  
  69  15:50  Overlord, Overseer  
  69  16:43  Overlord, Overseer  
  67  17:40  Hydralisk  
  67  17:42  Queen  
  63  17:48  Zergling x2  
  60  17:52  Overlord  
  60  17:53  Overseer  
  60  17:54  Hydralisk  
  54  18:00  Overseer  
  54  18:02  Hydralisk  
  55  18:09  Hydralisk  
  55  18:11  Drone, Overlord  
  48  18:13  Overseer  
  48  18:14  Drone  
  48  18:17  Roach, Drone  
  48  18:18  Queen  
  53  18:20  Drone  
  53  18:24  Roach  
  54  18:28  Spore Crawler  
  54  18:30  Overlord, Overseer  
  54  18:31  Zergling x2  
  54  18:33  Spore Crawler  
  54  18:34  Drone  
  51  18:39  Roach  
  51  18:40  Evolution Chamber  
  48  18:45  Overseer  
  48  18:46  Zergling x2  
  39  18:49  Overlord  
  31  18:59  Drone  
  31  19:01  Overseer  
Show
View Real Time Build Order
Export as new Build Order

NamroodTuo Terran - Winner!

Build Orders:  

Get SALT Encoding   

  12  0:01  SCV  
  13  0:19  SCV  
  14  0:28  Supply Depot  
  14  0:35  SCV  
  15  0:50  SCV  
  15  0:55  Supply Depot  
  16  1:02  SCV  
  17  1:14  SCV  
  18  1:21  Supply Depot  
  18  1:43  SCV  
  19  1:51  Supply Depot  
  19  1:55  SCV  
  19  2:00  Barracks  
  20  2:07  SCV  
  21  2:19  SCV  
  22  2:31  Engineering Bay  
  22  2:32  SCV  
  23  2:40  Refinery  
  23  2:44  SCV  
  24  2:51  Refinery  
  24  2:56  SCV  
  24  2:57  Refinery  
  25  3:00  Refinery  
  25  3:08  SCV  
  26  3:20  SCV  
  27  3:32  SCV  
  28  3:44  SCV  
  29  3:56  SCV  
  29  3:58  Factory  
  30  4:08  SCV  
  31  4:13  Supply Depot  
  31  4:20  SCV  
  32  4:33  SCV  
  32  4:35  Supply Depot  
  33  4:45  SCV  
  34  4:46  Starport  
  34  4:48  Armory  
  34  4:57  SCV  
  35  5:01  Missile Turret  
  35  5:09  SCV  
  36  5:21  SCV  
  37  5:22  Missile Turret  
  37  5:33  SCV  
  37  5:34  Starport Tech Lab  
  38  5:41  Fusion Core  
  38  5:44  Missile Turret  
  38  5:45  SCV  
  39  5:57  SCV  
  39  6:02  Missile Turret  
  40  6:05  Missile Turret  
  40  6:09  SCV  
  41  6:21  SCV  
  41  6:22  Missile Turret  
  42  6:31  Starport  
  42  6:33  SCV  
  43  6:43  Missile Turret  
  43  6:46  SCV  
  44  6:55  Cloaking Field  
  44  6:58  SCV  
  44  6:59  Terran Ship Weapons Level 1  
  45  7:10  SCV  
  45  7:11  Supply Depot  
  45  7:13  Supply Depot  
  46  7:22  SCV  
  47  7:32  Banshee  
  47  7:34  SCV  
  47  7:36  Supply Depot  
  51  7:37  Supply Depot  
  51  7:42  Starport Tech Lab  
  51  7:46  SCV  
  52  7:53  Armory  
  52  7:58  SCV  
  52  8:05  Supply Depot  
  53  8:07  Supply Depot  
  53  8:10  SCV  
  54  8:15  Banshee  
  57  8:22  SCV  
  58  8:27  Supply Depot  
  58  8:29  Supply Depot  
  58  8:31  Neosteel Armor  
  58  8:34  SCV  
  58  8:41  Terran Vehicle And Ship Armor Level 1  
  59  9:08  Supply Depot  
  59  9:11  Supply Depot  
  59  9:19  Terran Ship Weapons Level 2  
  59  9:22  Weapon Refit  
  59  9:24  Banshee  
  59  9:27  Battlecruiser  
  68  9:45  Supply Depot  
  68  9:48  SCV, Starport  
  69  10:02  Command Center  
  69  10:07  Battlecruiser  
  69  10:11  Hi-Sec Auto Tracking  
  75  10:22  Supply Depot  
  75  10:31  Battlecruiser  
  75  10:47  Supply Depot  
  66  11:05  Marine  
  65  11:11  Banshee  
  60  11:23  Marine  
  52  11:35  Banshee  
  52  11:41  Marine  
  50  11:54  Banshee  
  50  11:59  Marine  
  54  12:06  SCV, Hyperflight Rotors  
  55  12:17  Marine  
  55  12:18  SCV, Banshee  
  60  12:24  Starport Tech Lab  
  60  12:30  SCV  
  61  12:37  Battlecruiser  
  61  12:42  SCV  
  68  12:46  SCV  
  69  12:54  SCV  
  69  12:58  SCV  
  71  13:01  Battlecruiser  
  77  13:06  SCV  
  77  13:09  Battlecruiser  
  77  13:10  SCV  
  85  13:18  SCV  
  86  13:22  SCV  
  87  13:30  SCV  
  88  13:34  SCV  
  87  13:41  Battlecruiser  
  92  14:05  Battlecruiser  
  98  14:13  Battlecruiser  
  104  14:37  SCV  
  105  14:45  SCV  
  106  14:46  Battlecruiser  
  106  14:49  SCV  
  113  14:59  Supply Depot  
  113  15:01  SCV  
  114  15:09  Battlecruiser  
  114  15:13  SCV  
  121  15:18  Battlecruiser  
  127  15:22  Supply Depot  
  127  15:25  SCV  
  128  15:42  Terran Vehicle And Ship Armor Level 2  
  128  15:44  Terran Ship Weapons Level 3  
  128  15:45  Advanced Ballistics, Supply Depot  
  128  15:50  Battlecruiser  
  134  16:08  Supply Depot  
  134  16:13  Battlecruiser  
  140  16:27  Battlecruiser  
  140  16:54  Battlecruiser  
  128  17:56  Battlecruiser x2  
Show
View Real Time Build Order
Export as new Build Order

wasp Protoss - Winner!

Build Orders: Double Forge, Carriers 

Get SALT Encoding   

  12  0:35  Pylon  
  12  0:38  Pylon  
  12  1:00  Probe  
  13  1:12  Probe  
  14  1:24  Probe  
  15  1:34  Gateway  
  15  1:36  Probe  
  16  1:57  Forge  
  16  2:07  Assimilator  
  16  2:10  Assimilator  
  16  2:29  Cybernetics Core  
  16  2:35  Zealot  
  18  3:05  Cybernetics Core  
  18  3:58  Forge  
  18  4:01  Pylon  
  18  4:05  Pylon  
  18  4:10  Pylon  
  18  4:24  Pylon  
  18  4:30  Zealot  
  20  4:51  Probe  
  21  4:57  Zealot  
  23  5:03  Probe  
  24  5:16  Probe (Chrono Boost)  
  25  5:24  Zealot  
  25  5:25  Probe (Chrono Boost)  
  28  5:30  Probe (Chrono Boost)  
  29  5:42  Probe  
  30  5:46  Stargate  
  30  5:59  Assimilator  
  30  6:00  Probe  
  30  6:01  Assimilator  
  31  6:12  Probe  
  32  6:24  Probe  
  33  6:36  Probe  
  38  6:48  Probe (Chrono Boost)  
  38  6:50  Void Ray  
  39  7:00  Probe (Chrono Boost)  
  40  7:05  Probe (Chrono Boost)  
  41  7:14  Probe  
  42  7:27  Probe  
  47  7:33  Void Ray  
  47  7:39  Probe  
  48  8:42  Fleet Beacon  
  48  8:50  Pylon  
  48  8:51  Pylon x2  
  48  8:52  Pylon  
  48  8:53  Pylon x2  
  48  8:55  Pylon x2  
  48  9:01  Pylon  
  48  9:03  Pylon x2  
  48  9:05  Pylon  
  48  9:11  Pylon  
  48  9:18  Pylon  
  48  9:23  Pylon  
  48  9:31  Pylon  
  48  9:55  Carrier  
  54  10:45  Zealot  
  56  11:06  Carrier  
  62  11:12  Zealot  
  64  11:39  Zealot  
  56  12:06  Zealot  
  58  12:10  Carrier (Chrono Boost)  
  64  12:33  Zealot  
  74  12:59  Carrier (Chrono Boost)  
  80  13:14  Mothership  
  78  14:02  Carrier  
  63  15:06  Carrier  
  51  16:27  Stargate  
  51  16:59  Tempest (Chrono Boost)  
  56  17:19  Tempest (Chrono Boost)  
  61  17:35  Tempest  
  60  17:59  Tempest  
  65  18:18  Tempest  
Tags
 
Add a new tag
Caveats
  • Supply blocks, unpowered buildings, or Contaminate may cause inaccurate times.
  • Supply counts are checked every 10 seconds.